 Dungeon Crawl Stone Soup version 0.30-a0-576-g89cddaab80 (webtiles) character file.

Game seed: 3238341451905972638

746 porpoise the Skirmisher (level 7, -1/44 HPs)
             Began as a Tengu Hunter on Dec 31, 2022.
             Killed by divine providence
             ... invoked by an orc priest
              (14 damage)
             ... on level 5 of the Dungeon.
             The game lasted 00:09:35 (3339 turns).

porpoise the Skirmisher (Tengu Hunter)              Turns: 3339, Time: 00:09:35

Health: -1/44      AC:  5    Str: 11    XL:     7   Next: 77%
Magic:  8/8        EV: 13    Int: 10    God:
Gold:   278        SH:  5    Dex: 19    Spells: 6/6 levels left

rFire   . . .      SeeInvis .    a - +0 shortbow
rCold   . . .      Faith    .    (shield currently unavailable)
rNeg    . . .      Spirit   .    v - +0 ring mail
rPois   +          Reflect  +    (helmet restricted)
rElec   .          Harm     .    (no cloak)
rCorr   .          Rampage  .    (no gloves)
Will    .....                    (boots unavailable)
Stlth   +                        i - amulet of reflection
HPRegen 0.27/turn                u - ring of poison resistance
MPRegen 0.11/turn                (no ring)

@: flying quickly and evasively, quick
A: beak, talons 3, nimble flight
a: no special abilities


You were on level 5 of the Dungeon.
You visited 1 branch of the dungeon, and saw 6 of its levels.

You collected 278 gold pieces.

Inventory:

Hand Weapons
 a - a +0 shortbow (weapon)
 b - a +0 rapier
Missiles
 j - a throwing net
Armour
 r - a scarf of shadows
 v - a +0 ring mail (worn)
Jewellery
 i - an amulet of reflection (around neck)
 u - a ring of poison resistance (left hand)
Wands
 d - a wand of digging (4)
Scrolls
 e - a scroll of immolation
 k - a scroll of poison
 l - a scroll of fear {unknown}
 m - a scroll of magic mapping
 p - a scroll of fog {unknown}
 t - a scroll of teleportation {unknown}
 w - a scroll of torment {unknown}
Potions
 c - a potion of attraction {unknown}
 f - 2 potions of mutation
 g - a potion of magic
 h - 4 potions of curing
 n - 3 potions of heal wounds
 o - 2 potions of cancellation
 q - a potion of haste {unknown}
 s - a potion of degeneration {unknown}


   Skills:
 - Level 5.0 Fighting
 + Level 8.7 Ranged Weapons
 + Level 0.6 Armour
 - Level 2.1 Dodging
 - Level 1.0 Stealth


You had 6 spell levels left.
You didn't know any spells.
Your spell library contained the following spells:

 Spells                   Type           Power      Damage    Failure   Level
 Kiss of Death            Conj/Necr      0%         2d5       67%         1
 Confusing Touch          Hex            0%         N/A       95%         3
 Tukima's Dance           Hex            0%         N/A       95%         3
 Dispel Undead            Necr           0%         3d6       100%        4
 Passage of Golubria      Tloc           0%         N/A       100%        4
 Yara's Violent Unravell  Hex/Tmut       0%         3d3       100%        5


Dungeon Overview and Level Annotations

Branches:
Dungeon (6/15)
 Temple: D:4-7

Altars:
Dithmenos
Sif Muna

Shops:
D:4 (


Innate Abilities, Weirdness & Mutations

You have a beak for a mouth.
You have claws for feet.
Your magical nature lets you fly swiftly and evasively.


Message History

Something barely misses the orc priest.
Unknown command.
Fire: a) +0 shortbow
Press: ? - help, Q - select action, (/) - cycle Shift-Dir - straight line, f/p - orc priest
Aim: an orc priest, wielding a +0 club and wearing a +0 chain mail (moderately wounded, 73% to hit)
You shoot an arrow.
Unknown command.
Fire: a) +0 shortbow
Press: ? - help, Q - select action, (/) - cycle Shift-Dir - straight line, f/p - orc priest
Aim: an orc priest, wielding a +0 club and wearing a +0 chain mail (moderately wounded, 73% to hit)
You shoot an arrow.
The arrow hits the orc priest but does no damage.
The orc priest is moderately wounded.
Something hits you.
Unknown command.
Fire: a) +0 shortbow
Press: ? - help, Q - select action, (/) - cycle Shift-Dir - straight line, f/p - orc priest
Aim: an orc priest, wielding a +0 club and wearing a +0 chain mail (moderately wounded, 73% to hit)
You shoot an arrow.
The arrow hits the orc priest but does no damage.
The orc priest is moderately wounded.
Something hits you. x2
* * * LOW HITPOINT WARNING * * *
Unknown command.
Fire: a) +0 shortbow
Press: ? - help, Q - select action, (/) - cycle Shift-Dir - straight line, f/p - orc priest
Aim: an orc priest, wielding a +0 club and wearing a +0 chain mail (moderately wounded, 73% to hit)
You shoot an arrow. The orc priest miscasts a cantrip.
Something hits you but does no damage.
Unknown command.
Fire: a) +0 shortbow
Press: ? - help, Q - select action, (/) - cycle Shift-Dir - straight line, f/p - orc priest
Aim: an orc priest, wielding a +0 club and wearing a +0 chain mail (moderately wounded, 73% to hit)
You shoot an arrow.
Reactivating autopickup.
You feel a bit more experienced.
The orc priest mumbles some strange prayers to Beogh against you.
Beogh smites you!
You die...

##### #######...######
#..............##
#.#####...###...############
#.# ######...<...........# #.#
##...##########.# #.# ##@## #.#
#.# #)# #.# #.# #o# #.# #.#
##{## #.# #†# ##...## #.#
#.#### ##.....## ###.###
#....## ##(......## ##.#.#.##
#.....####.........####.....#.#
#........+.........'.......###.


You could see an orc priest.

Vanquished Creatures
  A black bear (D:5)
  An ogre (D:5)
  A phantom (D:5)
  A scorpion (D:5)
  A howler monkey (D:4)
  3 hounds (D:5)
  2 orc priests
  2 iguanas (D:5)
  Natasha (thrice) (D:3)
  2 orc wizards (D:5)
  4 adders
  A dart slug (D:1)
  14 orcs
  6 ball pythons
  5 endoplasms
  3 giant cockroaches
  3 goblins
  A hobgoblin (D:3)
  4 kobolds
  2 quokkas (D:4)
  6 bats
  A frilled lizard (D:1)
  5 rats
72 creatures vanquished.

Notes
Turn   | Place    | Note
-------+----------+-------------------------------------------
     0 | D:1      | porpoise the Tengu Hunter began the quest for the Orb.
     0 | D:1      | Reached XP level 1. HP: 12/12 MP: 2/2
   176 | D:1      | Reached XP level 2. HP: 17/17 MP: 3/3
   362 | D:1      | Reached skill level 5 in Ranged Weapons
   512 | D:2      | Reached XP level 3. HP: 21/22 MP: 4/4
   559 | D:2      | Found a faded altar of an unknown god.
   628 | D:2      | You fall into a shaft and drop 1 floor!
   645 | D:3      | Noticed Natasha
   729 | D:3      | Killed Natasha
   730 | D:3      | Reached XP level 4. HP: 19/27 MP: 5/5
   867 | D:3      | Found a shadowy altar of Dithmenos.
   876 | D:3      | Noticed Natasha
   884 | D:3      | Killed Natasha
   910 | D:3      | Noticed Natasha
   917 | D:3      | Killed Natasha
   918 | D:3      | Reached skill level 6 in Ranged Weapons
   918 | D:3      | Gained mutation: Your magical nature lets you fly swiftly
                  | and evasively. [Tengu growth]
   918 | D:3      | Reached XP level 5. HP: 24/32 MP: 6/6
  1486 | D:4      | Found a shimmering blue altar of Sif Muna.
  1513 | D:4      | Found Ziacs's Antique Weapon Shop.
  1845 | D:5      | Entered Level 5 of the Dungeon
  2335 | D:5      | Reached XP level 6. HP: 38/38 MP: 7/7
  2391 | D:5      | Reached skill level 7 in Ranged Weapons
  2527 | D:5      | Reached XP level 7. HP: 44/44 MP: 8/8
  2632 | D:5      | Reached skill level 8 in Ranged Weapons
  3021 | D:5      | Reached skill level 5 in Fighting
  3339 | D:5      | Killed from afar by an orc priest

Illustrated notes

Levels and vault maps discovered:
D:1:      dpeg_arrival_lava_temple_mockup, layout_basic
D:2:      layout_rooms, hellmonk_ecumenical_altar_crossroads,
          nicolae_figureground_pulse
D:3:      layout_rooms, nicolae_dithmenos_the_darkroom, serial_rivers,
          chequers_serial_rivers_small_b, chequers_serial_rivers_micro_e,
          chequers_serial_rivers_marsh, chequers_serial_rivers_small_b,
          uniq_natasha
D:4:      layout_loops_ring, overflow_temple_1_default, serial_shops,
          nicolae_lakefront_shop
D:5:      layout_loops_corners
D:6:      layout_cave_pools, dreamdust_divine_triumvirate,
          mainiacjoe_overflow_catch_the_wave,
          minmay_temple_entry_statues_fountains, minmay_lizard_king

Skill      XL: |  1  2  3  4  5  6  7 |
---------------+----------------------+-----
Ranged Weapons | 5 6 7 8 |  8.7
Fighting       | 3 4 5 |  5.0
Armour         | |  0.6
Dodging        | |  2.1
Stealth        | |  1.0

Action                   |  1- 3 |  4- 6 |  7- 9 || total
-------------------------+-------+-------+-------++-------
 Fire: Shortbow          |    84 |   116 |    74 ||   274
  Use: Scroll            |       |     8 |       ||     8
Armor: Leather armour    |     3 |     3 |       ||     6
       Ring mail         |       |     5 |    16 ||    21
Dodge: Dodged            |    16 |    36 |    29 ||    81
Block: Other             |     1 |    12 |    13 ||    26

Table legend: (Time is in decaauts)
 A = Elapsed time spent in this place.
 B = Non-inter-level travel time spent in this place.
 C = Inter-level travel time spent in this place.
 D = Time resting spent in this place.
 E = Time spent auto-exploring this place.
 F = Levels seen in this place.
 G = Mean time per level.
                   A        B        C        D        E       F      G
               +--------+--------+--------+--------+--------+-----+--------+
         Total |   3259 |   3120 |    139 |    618 |   1953 |   6 |  543.2 |
       Dungeon |   3259 |   3120 |    139 |    618 |   1953 |   6 |  543.2 |
               +--------+--------+--------+--------+--------+-----+--------+

Top non-repeatable levels by time:
     D:5: 1368 daAuts
     D:4: 644 daAuts
     D:3: 586 daAuts
     D:1: 464 daAuts
     D:2: 181 daAuts
     D:6: 14 daAuts
